AoeStats
← Mira como te meneo

Arabia

510640984Analyzed
1v1 RM · 2d ago on Oct 1, 2026· 32m 55s· 2 players
Game mode
Random Map
Map size
Tiny (2 player)
Population
200
Speed
Normal
Resources
Standard
Victory
Conquest
Starting age
Dark Age
Ending age
Imperial Age
RankedLock teamsTeams togetherTeam positionsShared explorationLock speedFull tech treeHidden civsTurbo modeCheats
Victory
Defeat
🇦🇷 Franks · Argentina
1086
+16
🇲🇽 Slavs · Mexico
1096
-16
Mira como te meneo
4:29 Loom
10:00 Feudal Age
11:34 Double-Bit Axe
22:22 Castle Age
22:15 Forging
22:11 Scale Barding Armor
22:36 Gold Mining
24:01 Iron Casting
25:56 Chain Barding Armor
32:23 Wheelbarrow
egamaserrano
8:05 Loom
10:24 Feudal Age
15:35 Scale Barding Armor
18:42 Horse Collar
19:24 Forging
21:32 Castle Age
22:23 Bloodlines
23:50 Chain Barding Armor
24:07 Iron Casting
24:51 Husbandry
25:19 Gold Mining
Connection lost

Rejoining the realm…

Still unreachable

The connection could not be restored.

Session expired

The server has moved on; the page needs a fresh start.